 Dungeon Crawl Stone Soup version 0.30.1-3-gfc49f6343a (webtiles) character file.

Game seed: 12406056512028472015

138 shmup the Firebug (level 5, -6/28 HPs)
             Began as a Tengu Fire Elementalist on Aug 4, 2023.
             Mangled by an iguana (12 damage)
             ... on level 4 of the Dungeon.
             The game lasted 00:04:46 (3331 turns).

shmup the Firebug (Tengu Fire Elementalist)         Turns: 3331, Time: 00:04:47

Health: -6/28      AC:  3    Str:  9    XL:     5   Next: 21%
Magic:  2/9        EV: 14    Int: 17    God:
Gold:   239        SH:  0    Dex: 14    Spells: 5/8 levels left

rFire   . . .        e - +0 dagger
rCold   . . .        (no shield)
rNeg    . . .        a - +1 robe
rPois   .            (helmet restricted)
rElec   .            (no cloak)
rCorr   .            (no gloves)
SInv    +            (boots unavailable)
Will    .....        (no amulet)
Stlth   ++           q - ring of see invisible
HPRegen 0.24/turn    l - ring of flight
MPRegen 0.11/turn

%: no passive effects
@: lethally poisoned (-6 -> -8), flying quickly and evasively, quick
A: beak, talons 3, nimble flight
a: no special abilities


You were on level 4 of the Dungeon.
You visited 1 branch of the dungeon, and saw 4 of its levels.

You collected 239 gold pieces.

Inventory:

Hand Weapons
 e - a +0 dagger (weapon)
Missiles
 g - 23 stones (quivered)
 j - 4 poisoned darts
 p - 4 boomerangs
Armour
 a - a +1 robe (worn)
Jewellery
 c - a ring of protection from fire
 l - a ring of flight (right hand)
 q - a ring of see invisible (left hand)
Wands
 s - a wand of paralysis (15)
Scrolls
 d - a scroll of blinking {unknown}
 f - a scroll of enchant armour
 k - a scroll of vulnerability {unknown}
 o - 2 scrolls of teleportation {unknown}
Potions
 b - a potion of magic
 h - 2 potions of heal wounds
 i - 2 potions of invisibility
 m - a potion of might
 n - 5 potions of attraction
 r - 2 potions of curing


   Skills:
 - Level 2.1 Dodging
 - Level 2.0 Stealth
 - Level 2.0 Spellcasting
 + Level 3.8 Conjurations
 * Level 5.5 Fire Magic


You had 5 spell levels left.
You knew the following spells:

 Your Spells              Type           Power      Damage    Failure   Level
a - Foxfire               Conj/Fire      68%        2x1d7     3%          1
b - Scorch                Fire           40%        2d6       3%          2

Your spell library contained the following spells:

 Spells                   Type           Power      Damage    Failure   Level
 Inner Flame              Hex/Fire       11%        N/A       19%         3
 Volatile Blastmotes      Fire/Tloc      22%        2d11      19%         3
 Ensorcelled Hibernation  Hex/Ice        2%         N/A       28%         2
 Flame Wave               Conj/Fire      17%        2d7       28%         4
 Spider Form              Tmut/Pois      1%         N/A       50%         3
 Anguish                  Hex/Necr       0%         N/A       88%         4
 Summon Lightning Spire   Summ/Air       1%         N/A       88%         4
 Storm Form               Tmut/Air       0%         N/A       100%        7
 Maxwell's Capacitive Co  Air            0%         death     100%        8


Dungeon Overview and Level Annotations

Branches:
Dungeon (4/15) Zot: 20724
 Temple: D:4-7

Altars:


Innate Abilities, Weirdness & Mutations

You have a beak for a mouth.
You have claws for feet.
Your magical nature lets you fly swiftly and evasively.


Message History

* * * LOW HITPOINT WARNING * * *
Your magical contamination has completely faded away.
Found a runed falchion.
A kobold brigand comes into view.
It is wielding a +0 whip and quivering poisoned darts.
The kobold brigand throws a poisoned dart.
The poisoned dart hits you!
You are lethally poisoned!
* * * LOW HITPOINT WARNING * * *
You feel sick.
The kobold brigand throws a poisoned dart.
The poisoned dart barely misses you.
* * * LOW HITPOINT WARNING * * *
You feel sick.
You feel better.
Casting: Scorch (safe; 3% risk of failure)
Confirm with . or Enter, or press ? or * to list all spells.
Flames lash the iguana.
The iguana is almost dead.
The iguana's fire resistance burns away.
You hit the iguana but do no damage. Your kick misses the iguana.
The iguana is almost dead.
The iguana barely misses you.
You hit the iguana but do no damage. Your peck misses the iguana.
The iguana is severely wounded.
The iguana closely misses you.
The iguana is no longer more vulnerable to fire.
The kobold brigand throws a poisoned dart.
The poisoned dart closely misses you.
The kobold brigand throws a poisoned dart.
The poisoned dart hits you!
You are poisoned.
You feel sick.
The kobold brigand throws a poisoned dart.
The poisoned dart closely misses you.
You feel sick.
You feel sick.
You feel sick.
There is a stone staircase leading up here.
You feel sick. The iguana bites you!
You die...

,,,..........'...▒,,,,,,,,,,,,,,,
,,,..........▒...▒,,,,,,,,,,,,,,,
,,░▒▒+▒▒▒▒▒+▒▒...▒▒▒▒▒▒▒▒+▒▒,,,,,
,,+,,,,,,,,,░▒...▒▒........▒,,,,,
,,░,,,,,,,,,,▒)............▒▒▒▒▒▒
,,░,,,,,,,,,,▒..............[....
,,░,,,,,,,,,,▒...................
,,░,,,,,,,,,░▒..l▒▒.............)
,,░,,,,,,,,,░▒..Q▒▒.....K........
,,░,,,,,,,,,▒.....▒..............
,,░,,,,,,,,,▒.....▒........▒▒....
,,░,,,,,,,,,▒.....▒........▒▒....
,,░,,,,░░,,,▒▒▒..▒▒...▒▒▒+▒▒▒l...
+░░░░░+░░,,,░ ▒▒▒▒▒...▒▒...▒▒....
,,,,,,,,,,,+░░░░░░▒+.............
,,,,,,,,,,,░,,,░,,,▒.............
,,,,,,,,,,░░,>,░,>,▒▒............


You could see an iguana.

Vanquished Creatures
  2 orc priests (D:3)
  An adder (D:2)
  An ufetubus (D:4)
  3 dart slugs
  2 worms (D:2)
  3 orcs
  A bat (D:3)
  7 endoplasms
  A giant cockroach (D:3)
  6 goblins
  2 hobgoblins (D:3)
  4 quokkas
  5 ball pythons
  2 frilled lizards (D:1)
  10 kobolds
  5 rats
55 creatures vanquished.

Vanquished Creatures (others)
  124 foxfires
124 creatures vanquished.

Grand Total: 179 creatures vanquished

Notes
Turn   | Place    | Note
-------+----------+-------------------------------------------
     0 | D:1      | shmup the Tengu Fire Elementalist began the quest for the
                  | Orb.
     0 | D:1      | Reached XP level 1. HP: 10/10 MP: 4/4
   206 | D:1      | Reached XP level 2. HP: 15/15 MP: 4/6
   415 | D:1      | Reached skill level 4 in Fire Magic
   859 | D:1      | Learned a level 2 spell: Scorch
   879 | D:1      | Reached XP level 3. HP: 10/19 MP: 3/7
  1950 | D:2      | Reached XP level 4. HP: 24/24 MP: 3/8
  2020 | D:2      | Found a faded altar of an unknown god.
  2510 | D:3      | Reached skill level 5 in Fire Magic
  2582 | D:3      | Gained mutation: Your magical nature lets you fly swiftly
                  | and evasively. [Tengu growth]
  2582 | D:3      | Reached XP level 5. HP: 13/28 MP: 4/9
  3298 | D:4      | HP: 1/28 [iguana (6)]
  3307 | D:4      | Noticed a kobold brigand
  3313 | D:4      | HP: 1/28 [poisoned by a kobold brigand]
  3331 | D:4      | Mangled by an iguana

Illustrated notes

Levels and vault maps discovered:
D:1:      dpeg_arrival_tiny_a, layout_basic, minmay_heptomino_w4
D:2:      layout_basic, shapermc_ecumenical_altar_acropolis
D:3:      layout_basic, minmay_misc_feat_room
D:4:      layout_gridville, nicolae_ossuary_entry_false_entrances,
          chequers_decorated_corner

Skill      XL: |  1  2  3  4 |
---------------+-------------+-----
Conjurations   | 2 3 |  3.8
Fire Magic     | 4 5 |  5.5
Dodging        | |  2.1
Stealth        | |  2.0
Spellcasting   | |  2.0

Action                     |  1- 3 |  4- 6 || total
---------------------------+-------+-------++-------
  Melee: Kick              |     4 |     1 ||     5
         Unarmed           |     1 |       ||     1
         Dagger            |    12 |     8 ||    20
         Punch             |     1 |     1 ||     2
         Peck              |     1 |       ||     1
   Cast: Foxfire           |    54 |    20 ||    74
         Scorch            |     7 |    11 ||    18
    Use: Scroll            |       |     8 ||     8
         Potion            |       |     1 ||     1
 Armour: Robe              |     6 |     1 ||     7
  Dodge: Dodged            |    11 |    14 ||    25
